Cogmind - Beta 15 @@@ ROGUE MODE // 2025.05.24 @ 00:34:59 // Winter2019/RPGLIKE Player: Spitfire Result: Self-destructed Performance ------------- Evolutions (1) 500 Regions Visited (2) 400 Robots Destroyed (21) 105 Value Destroyed (584) 584 Prototype IDs (2) 40 Alien Tech Used (0) 0 Bonus (0) 0 TOTAL SCORE: 1629 Bonus ------- None Cogmind --------- Core Integrity 325/600 Matter 6/300 Energy 250/250 System Corruption 0% Temperature Cool (0) Movement Rolling (90) Location -9/Materials Parts ------- > --- POWER (1) -------- Ion Engine > --- PROPULSION (2) --- Armored Wheel Armored Wheel > --- UTILITY (2) ------ Targeting Computer Targeting Computer > --- WEAPON (2) ------- Grenade Launcher > --- INVENTORY (1) ---- Grenade Launcher Peak State ------------ > --- POWER ------------ Ion Engine > --- PROPULSION ------- Armored Wheel Armored Wheel > --- UTILITY ---------- Targeting Computer Backup Plating I > --- WEAPON ----------- Rocket Launcher Rocket Launcher > --- INVENTORY -------- (None) [Rating: 11] Favorites ----------- Power Ion Engine Engine Ion Engine Propulsion Armored Wheel Wheel Armored Wheel Flight Unit Flight Unit Utility Targeting Computer Device Seismic Detector Processor Targeting Computer Protection Backup Plating I Weapon Grenade Launcher Energy Gun Medium Laser Launcher Grenade Launcher Build | -11 -10 -9 ------- Run | Yrd Mat Mat Slots Evolved 3 | 3 . . Power . | . . . Propulsion 1 | 1 . . Utility 1 | 1 . . Weapon 1 | 1 . . Parts Attached 19 | 5 14 . Power 2 | 1 1 . Engine 2 | 1 1 . Core . | . . . Reactor . | . . . Propulsion 6 | 2 4 . Treads . | . . . Leg . | . . . Wheel 4 | 2 2 . Hover . | . . . Flight 2 | . 2 . Utility 5 | . 5 . Device 1 | . 1 . Storage . | . . . Processor 3 | . 3 . Hackware . | . . . Protection 1 | . 1 . Artifact . | . . . Weapon 6 | 2 4 . Energy Gun 2 | 2 . . Energy Cannon . | . . . Ballistic Gun . | . . . Ballistic Cannon . | . . . Launcher 4 | . 4 . Special Weapon . | . . . Impact Weapon . | . . . Slashing Weapon . | . . . Piercing Weapon . | . . . Special Melee Weapon . | . . . Unidentified Prototypes . | . . . Parts Lost . | . . . Power . | . . . Propulsion . | . . . Utility . | . . . Weapon . | . . . Highest Loss Streak . | . . . To Critical Strikes . | . . . Average Backups . | . . . Power . | . . . Propulsion . | . . . Utility . | . . . Weapon . | . . . Tool/Special . | . . . Unused Backups . | . . . Power . | . . . Propulsion . | . . . Utility . | . . . Weapon . | . . . Tool/Special . | . . . Average Slot Usage (%) 94 | . 94 94 Engine 14 | . 14 14 Wheel 25 | . 23 28 Flight 2 | . 4 . Processor 22 | . 18 28 Protection 1 | . 3 . Energy Gun 2 | . 5 . Launcher 22 | . 22 22 Peak Build Rating 11 | 5 11 9 Average Rating 8 | 3 9 8 On Entrance 4 | . 5 9 Naked Turns . | . . . Heaviest Build 14 | 7 14 11 Greatest Support 26 | 26 26 24 Greatest Overweight (x) 1 | . 1 . Average Overweight (x) . | . . . Largest Inventory Capacity 1 | . . 1 Average Capacity . | . . . Most Carried 1 | . . 1 Average Carried . | . . . Final Capacity 1 | . . 1 Final Carried 1 | . . 1 Class Distribution -------------------- 57% | Mutant 42% | Hacker-Mutant Dominant Class ---------------- Mutant | -10/Materials Hacker-Mutant | -9/Materials Resources | -11 -10 -9 ----------- Run | Yrd Mat Mat Matter Collected 581 | 250 257 74 Remotely . | . . . Salvage Created 286 | 77 133 76 Parts 28 | 2 20 6 Haulers Intercepted . | . . . Recyclers Shooed . | . . . Parts Field Recycled . | . . . Retrieved Matter . | . . . Parts Self-Destructed . | . . . Prevented . | . . . Kills | -11 -10 -9 ------- Run | Yrd Mat Mat Combat Hostiles Destroyed 13 | . 7 6 Guns 1 | . 1 . AOE 12 | . 6 6 Classes Destroyed 7 | 1 4 2 Recycler 2 | 1 1 . Mechanic 1 | . . 1 Operator 2 | . 2 . Watcher 3 | . 3 . Swarmer 3 | . 3 . Grunt 7 | . 4 3 Sentry 3 | . . 3 Best Kill Streak 6 | 1 6 3 Combat Bots Only 3 | . 3 2 Max Kills in Single Turn 3 | 1 3 2 Gunslinging . | . . . Exploded 2 | . 2 1 Melee . | . . . Uniques/NPCs Destroyed . | . . . Combat | -11 -10 -9 -------- Run | Yrd Mat Mat Hostile Shots Fired 37 | . 9 28 Missed 14 | . 6 8 Hits 23 | . 3 20 Projectile 23 | . 3 20 Critical Strikes 1 | . . 1 Damage Taken 375 | . 103 272 Core 309 | . 82 227 Absorbed by Shields . | . . . Redirected to Core 226 | . 70 156 Ignored by Resistances 4 | . . 4 Regen/Repaired (Parts) 53 | . . 53 Core Remaining (%) 94 | 100 88 . Volleys Fired 28 | 2 13 13 Largest 2 | 2 2 2 Hottest 90 | 90 90 60 Shots Fired 56 | 4 26 26 Gun 10 | 4 6 . Cannon . | . . . Launcher 46 | . 20 26 Special . | . . . Kinetic . | . . . Thermal 5 | 2 3 . Explosive 46 | . 20 26 Electromagnetic 5 | 2 3 . Robot Hit Streak 12 | 1 4 12 Robot Miss Streak 4 | 2 4 1 Penetration Max . | . . . Secondary Targets . | . . . Shots Hit Robots 26 | 1 8 17 Core Hits 36 | 1 19 16 Critical Kills . | . . . Critical Parts Destroyed . | . . . Critical Strikes . | . . . Melee Attacks . | . . . Impact . | . . . Slashing . | . . . Piercing . | . . . Sneak Attacks . | . . . Combat Hostiles . | . . . Follow-up Attacks . | . . . Damage Inflicted 1313 | 15 767 531 Guns 67 | 15 52 . Cannons . | . . . Explosions 1246 | . 715 531 Melee . | . . . Ramming . | . . . Kinetic . | . . . Thermal 100 | . 100 . Explosive 1171 | . 640 531 Electromagnetic 42 | 15 27 . Impact . | . . . Slashing . | . . . Piercing . | . . . Highest Corruption . | . . . Average Corruption . | . . . Corruption Purged . | . . . Corruption Blocked . | . . . Overload Shots . | . . . Overflow Damage 9 | . 9 . Projectiles . | . . . Explosions 9 | . 9 . Melee . | . . . Knockbacks . | . . . Impact . | . . . Kinetic . | . . . Secondary . | . . . Self-Inflicted Damage 77 | . 77 . Shots 2 | . 2 . Rammed . | . . . Targets Rammed . | . . . Kicked . | . . . Crushed . | . . . Highest Temperature 119 | 60 119 38 Average Temperature 25 | 33 28 18 Received Heat Transfer 120 | . 9 111 Siege Activations . | . . . Martial Activations . | . . . Shielding Activations . | . . . Robots Disrupted . | . . . Combat Hostiles . | . . . Robots Corrupted . | . . . Combat Hostiles . | . . . Parts Fried . | . . . Impact Corruptions . | . . . Robots Melted . | . . . Combat Hostiles . | . . . Parts Melted . | . . . Heat Transferred 124 | . 124 . Parts Sabotaged . | . . . Parts Stolen . | . . . Parts Stripped . | . . . Power Chain Reactions 1 | . 1 . Alert | -11 -10 -9 ------- Run | Yrd Mat Mat Maximum Alert Level 1 | . . 1 Low Security (%) 93 | 100 100 84 Level 1 6 | . . 15 Level 2 . | . . . Level 3 . | . . . Level 4 . | . . . Level 5 . | . . . High Security . | . . . Max Security . | . . . Peak Influence 237 | 5 194 237 Initial 77 | . . 77 Average 102 | 1 103 112 Influence Increases 647 | 5 364 278 Destroy 0b10 Robot/C 260 | . 140 120 Destroy 0b10 Robot/NC 40 | 5 30 5 Destroy Leader 76 | . 36 40 Successful Hack 20 | . 17 3 Disable Machine 75 | . 45 30 Destroy Structure 161 | . 96 65 Lose Combat Pursuer 15 | . . 15 Influence Decreases 612 | 5 180 427 Entered New Map 107 | . . 107 Time Decay 355 | 5 180 170 Purge Threat 150 | . . 150 Squads Dispatched 1 | . . 1 Investigation 1 | . . 1 Extermination . | . . . Reinforcement . | . . . Assault . | . . . Garrison . | . . . Intercept . | . . . Searches Triggered . | . . . Construction Impeded . | . . . Haulers Reinforced . | . . . Active Scanning Responses . | . . . Cargo Convoy Interrupts . | . . . Stealth | -11 -10 -9 --------- Run | Yrd Mat Mat Distress Signals 1 | . . 1 Communications Jammed . | . . . Distress Signals . | . . . Times Spotted 23 | . 12 11 Peak Tracking Total 4 | . 3 4 Tactical Retreats 1 | . . 1 Traps | -11 -10 -9 ------- Run | Yrd Mat Mat Traps Triggered . | . . . Indirectly . | . . . Trap Hack Attempts . | . . . Triggered . | . . . Disarmed 3 | . 3 . Reprogrammed . | . . . Reused . | . . . Traps Extracted . | . . . Installed . | . . . Triggered . | . . . Machines | -11 -10 -9 ---------- Run | Yrd Mat Mat Machines Disabled 8 | . 6 2 Max in Single Turn 3 | . 3 1 Machines Repaired . | . . . Machines Dismantled . | . . . Machines Sabotaged . | . . . Overloaded Fab Kills . | . . . Hacking | -11 -10 -9 --------- Run | Yrd Mat Mat Machines Accessed 11 | . 6 5 Terminals 8 | . 5 3 Fabricators . | . . . Repair Stations 1 | . . 1 Recycling Units 2 | . 1 1 Scanalyzers . | . . . Garrison Access . | . . . Total Hacks 43 | . 22 21 Successful 32 | . 12 20 Failed 10 | . 9 1 Catastrophic 1 | . 1 . Database Lockouts 1 | . 1 . Manual 21 | . 15 6 Terminals 30 | . 20 10 Fabricators . | . . . Repair Stations 3 | . . 3 Recycling Units 10 | . 2 8 Scanalyzers . | . . . Garrison Access . | . . . Terminal Hacks 12 | . 5 7 Robot Analysis 2 | . 1 1 Prototype ID Bank 1 | . 1 . Terminal Index 2 | . 1 1 Alert Level 1 | . . 1 Unreport Threat 1 | . . 1 Disarm Traps 1 | . 1 . Transport Status 1 | . . 1 Hauler Manifests 1 | . . 1 Zone Layout 2 | . 1 1 Fabricator Hacks . | . . . Repair Station Hacks 2 | . . 2 Scan Component 1 | . . 1 Repair 1 | . . 1 Recycling Unit Hacks 9 | . 2 7 Process 1 | . . 1 Report Inventory 4 | . 1 3 Retrieve Matter 3 | . . 3 Retrieve Components 1 | . 1 . Scanalyzer . | . . . Garrison Access Hacks . | . . . Unauthorized Hacks 9 | . 5 4 Terminals 8 | . 5 3 Botnet 7 | . 4 3 Operators 1 | . 1 . Fabricators . | . . . Repair Stations . | . . . Recycling Units 1 | . . 1 Recyclers 1 | . . 1 Scanalyzers . | . . . Garrison Access . | . . . Data Cores Recovered . | . . . Used . | . . . Hacking Detections 8 | . 5 3 Full Trace Events 1 | . . 1 Feedback Events . | . . . Feedback Blocked . | . . . Robot Schematics Acquired . | . . . Robots Built . | . . . Authchips . | . . . Time . | . . . Total Robot Build Rating . | . . . Part Schematics Acquired . | . . . Parts Built . | . . . Authchips . | . . . Time . | . . . Total Part Build Rating . | . . . Parts Repaired 1 | . . 1 Time 26 | . . 26 Parts Recycled . | . . . Recycled Matter 3 | . . 3 Retrieved Matter 3 | . . 3 Retrieved Components 1 | . 1 . Parts Scanalyzed . | . . . Part Schematics Acquired . | . . . Parts Damaged . | . . . Bothacking | -11 -10 -9 ------------ Run | Yrd Mat Mat Used RIF Installer . | . . . Robots Hacked . | . . . Non-combat . | . . . Combat . | . . . Robot Hacks Applied . | . . . Relay Couplers Released . | . . . Fabnet Peak Effective % . | . . . Robots Rewired . | . . . Allies Hacked . | . . . Hacks Repelled . | . . . Allies | -11 -10 -9 -------- Run | Yrd Mat Mat Total Allies . | . . . Largest Group . | . . . Highest-Rated Group . | . . . Highest-Rated Ally . | . . . Total Orders . | . . . Ally Attacks . | . . . Total Damage . | . . . Kills . | . . . Allies Corrupted . | . . . Allies Melted . | . . . Intel | -11 -10 -9 ------- Run | Yrd Mat Mat Active Infowar (turns) 28 | . 28 . Seismic 28 | . 28 . Robot Analysis Total 2 | . 1 1 Derelict Logs Recovered . | . . . Drone Launches . | . . . Drone Recoveries . | . . . Exploration | -11 -10 -9 ------------- Run | Yrd Mat Mat Turns Passed 776 | 41 389 346 Spaces Moved 754 | 32 419 303 Core 2 | 2 . . Treads . | . . . Legs . | . . . Wheels 641 | 30 308 303 Hover . | . . . Flight 111 | . 111 . Fastest Speed 37 | 50 37 90 Average Speed 82 | 86 76 90 Slowest Speed 120 | 90 120 90 Overloaded Moves . | . . . Propulsion Burnouts . | . . . Robots Hopped . | . . . Potential Cave-ins . | . . . Cave-ins Triggered . | . . . Exploration Rate (%) 41 | 3 85 35 Regions Visited 2 Branch Regions . Pre-discovered Areas . | . . . Known Exits Taken . | . . . Unknown Exits Taken 2 | 1 1 . Scrap Searched . | . . . Spaces Dug . | . . . Terrain Destroyed 238 | . 158 80 Melee . | . . . Projectile . | . . . AOE 238 | . 158 80 Terrain Rammed . | . . . Walls Destroyed . | . . . Machines Disabled . | . . . Actions | -11 -10 -9 --------- Run | Yrd Mat Mat Total 848 | 38 460 350 Wait 32 | . 1 31 Move 752 | 31 418 303 Hop . | . . . Pick Up . | . . . Fast Attach 19 | 5 13 1 Attach . | . . . Detach 1 | . . 1 Swap 1 | . 1 . Drop 12 | . 12 . Fire 28 | 2 13 13 Melee . | . . . Ram . | . . . Kick . | . . . Crush . | . . . Escape Stasis . | . . . Rewire . | . . . Trap . | . . . Miscellaneous 3 | . 2 1 Route ------- -11/Scrapyard -10/Materials (discovered 2 exits: *Mat / [*Min]) -9/Materials (discovered 1 exit: [*Min]) History --------- Turn | Location | Event 1 | -11/Scrapyard | Upgraded with Propulsion slot (x1) 1 | -11/Scrapyard | Upgraded with Utility slot (x1) 1 | -11/Scrapyard | Upgraded with Weapon slot (x1) 9 | -11/Scrapyard | Discovered new exit (range 15) 42 | -11/Scrapyard | Entered Materials 92 | -10/Materials | Discovered new exit (range 16) 140 | -10/Materials | Discovered new exit (range 16) 146 | -10/Materials | Central database locked down 302 | -10/Materials | Build established: Mutant 431 | -10/Materials | Entered another Materials area 433 | -9/Materials | Reached level 2 470 | -9/Materials | Discovered new exit (range 4) 577 | -9/Materials | Repaired Grenade Launcher 581 | -9/Materials | Reached level 3 747 | -9/Materials | Build established: Hacker-Mutant 777 | -9/Materials | Self-destructed Last Messages --------------- Trojan loaded successfully. Testing... Terminal linked with 2 systems. Awaiting botnet instructions. >>Analysis(Y-45 Defender) Downloading analysis... Y-45 Defender Tier: 2 Y-series armored sentries are equipped with a mix of thermal and kinetic weaponry. The Y-45 guards important locations and vital machinery, and remains at its station unless they identify a hostile robot or are alerted to the presence of one nearby. 00751_ K-01 Serf collects debris. 00760_ T-07 Excavator is excavating. 00763_ K-01 Serf collects debris. 00764_ T-07 Excavator is excavating. 00767_ K-01 Serf collects debris. 00768_ T-07 Excavator is excavating. 00775_ Critical hit (Burn: +37). 00776_ T-07 Excavator is excavating. Map ----- +----------------------------------------------------+ | ?????????# ?????????????????????# #???? | | ?????????? ??????????#######????# #???? | | ?????????? ??????????#//!!!!????# #???? | | ?????????? ??? #?#//!!!!#???# # "" | | ?????????? ???######?# #???# # | | ?????????? ???# #### ##???# # "" | | ?????????# ???# + #????# # "" | | ?????????# ???# ###### #????# # "" | | ?????????# ???# #????# ###### # | | ?????????# ???# |#????# ##+## | | ?????????# ??# #????# | | ????????## #?# #????# | | ????????# ###+####### """ """ | | ????????# """""""" | | ????????# ### """"" | | ????????# #?# ^ | | ????????# #########?#^ | | ????????## #????????## """ """ | | ?????????# #??????###T """""""" | | ???????? # """ ######## ## """"" | | ???????#t """"" ## # | | ???????# # """"" ## """ + | | ?????????# """"" ## """ # | | ?????????# """ ## """ # ##+## | | ?????????# ## ## ## | | ?????????# ! @ ## ## ## | | ?????????# ## ## ## | | ?????????######## ## ## ## | | ???????????????## ## ## ## | | ??????????????? # #######+### # | | ??????????????? # ### #+### | | ??????????????? # ## !# #?# | | ??????????????? # ## # #?# | | ??????????????? # ## # #?# | | ????????????????? #???????????????????? | | ?????????????????r #???????????????????? | | ????????????????? #???????????????????? | | ????????????????? #???????????????????? | | ????????????????? ???????????????????? | | ????????????????? ???????????????????? | | ????????????????? ????????????????????? | | ????????????????????????????????????????? | | ????????????????????????????????????????? | | ????????????????????????????????????????? | | ????????????????????????????????????????? | | ????????????????????????????????????????? | | ????????????????????????????????????????? | | ????????????????????????????????????????? | | ????????????????????????????????????????? | | ????????????????????????????????????????? | +----------------------------------------------------+ Best States ------------- Heat Dissipation 25 Energy Generation 10 Energy Capacity 250 Matter Stores 300 Matter Capacity 300 Sight Range 16 Robot Scan Range 10 Terrain Scan Density 10 Armor Coverage 80 Resistance: KI 5 Evasion (%) 62 Targeting Accuracy 10 Offensive Hacking 20 Defensive Hacking 10 Item Schematics ----------------- None Robot Schematics ------------------ None Fabricated ------------ Nothing Repaired ---------- Grenade Launcher | 11% | -9/Materials Alien Tech Used ----------------- None Achievements -------------- None Challenges ------------ None RPGLIKE | -11 -10 -9 --------- Run | Yrd Mat Mat Levels Raised 2 | . . 2 XP Earned 6575 | 3000 1125 2450 XP Spent 6000 | 2700 225 3075 Upgrades 18 | 6 3 9 Propulsion Slot 1 | 1 . . Utility Slot 1 | 1 . . Weapon Slot 1 | 1 . . Inventory Capacity 1 | . . 1 Sensor Range 5 | . 3 2 Ranged Accuracy 2 | . . 2 Hack Attack % 4 | 3 . 1 Hack Defense % 2 | . . 2 KI Resistance % 1 | . . 1 Protomatter Created 139 | . 107 32 Integrity Restored 50 | . 26 24 Core 34 | . 10 24 Parts 16 | . 16 . Protomatter Decayed 65 | . 65 . Game ------ Seed InertialUltimateFilter Manual? 0 Play Time 00:16:23 Cumulative 38.4 hours Start 2025.05.24 @ 00:20:28 End 2025.05.24 @ 00:34:59 Sessions 1 Manual Loads 0 Difficulty Rogue Special Mode Winter2019/RPGLIKE Game No. 24 Rogue 24 Adventurer 0 Explorer 0 Win Type - Total 4 Types 4/0/0/0/0/0/0/0/0/0 Lore% 23 Gallery% 34 Achievement% 29 Wizard Run 0 Options --------- Layout 0 ASCII 0 Keyboard 0 Movement Mouse Keybinds 0 Fullscreen 2 Font 18/Terminus Map View 76x50 Zoom Use 0% Tactical HUD 1 Map Filters NONE Filters NONE Steam 1 RUN: 47a14cc3-18d2-4e44-8a4a-7cd72d1e2758